Unix NetHack Version 5.0.0-0 post-release - last build Jun 10 2026 00:39:30 (3ee93aec679c4c4259841fe613dc97188e26a321,branch:main).

Game began 2026-07-05 12:56:05, ended 2026-07-05 13:53:08.

DaveT, lawful male human Priest

                                                                        ------
                          ---                             ------        |....|
                           .          -------             |.`..|       #-....|
                           .         #.......#            |..<.|       #|....|
                           .         #|.....|#            |.....#      #|....|
                           .         #|.....|##           |....|#      #------
                           .         #------- #           -|----#      #
                                     ##       #            #    #     ##
                         # c          #       #       #### #    #     #
                        ##@#          #    ########################## #
                         ############ #       #   ###           #---+-#
                        ###     ----|-#                         #|...|#
                                ...>.|#                         #-....#
                                |....|#                          |...|
                        .       |.....#                          -----
                       |        |....|
                                ------

DaveT the Adept              St:14 Dx:11 Co:18 In:8 Wi:17 Ch:10  Lawful
Dlvl:7  $:429 HP:0(93) Pw:103(103) AC:-13 Xp:9 T:11127  Stone Burdened

Latest messages:
 You kill the fox!
 There is a fox corpse here; eat it? [ynq] (n) y
 This fox corpse tastes okay.
 You stop eating the fox corpse.
 You have a little trouble lifting z - a yellow potion.
 There is a partly eaten fox corpse here; eat it? [ynq] (n) y
 You consume the last bite of your meal.
 You finish eating the fox corpse.
 The giant ant misses!
 The giant ant misses!
 You miss the giant ant.
 The giant ant just misses!
 The giant ant bites!
 The giant ant misses!
 You hit the giant ant!
 The giant ant bites!
 The giant ant bites!
 You kill the giant ant!
 You see here a giant ant corpse.
 There is a giant ant corpse here; eat it? [ynq] (n) y
 This giant ant corpse is fatty.
 You finish eating the giant ant corpse.
 What do you want to drink? [djqryzDFJ or ?*] ?
 You feel charismatic!
 What do you want to drink? [djqryDFJ or ?*] ?
 What do you want to drink? [djqryDFJ or ?*] n
 That is a silly thing to drink.
 You climb up the stairs.
 The door resists!
 The door opens.
 You hit the cockatrice!
 The cockatrice misses!
 The cockatrice touches you!
 You hear the cockatrice's hissing!
 You are slowing down.
 You hit the cockatrice!
 The cockatrice just misses!
 The cockatrice misses!
 Your limbs are stiffening.
 The cockatrice bites!
 The cockatrice misses!
 Your limbs have turned to stone.
 The cockatrice bites!
 The cockatrice touches you!
 You have turned to stone.
 The cockatrice misses!
 The cockatrice misses!
 You are a statue.
 Do you want your possessions identified? [ynq] (y) y
 Do you want to see your attributes? [ynq] (y) q

Inventory:
 Coins    ('$')
  $ - 429 gold pieces
 Weapons  (')')
  l - 3 +0 darts (at the ready)
  R - 8 +0 daggers
  p - a +0 aklys
  a - a blessed +3 mace (weapon in right hand)
 Armor    ('[')
  K - a blessed +3 orcish helm (being worn)
  h - a +0 pair of leather gloves (being worn)
  c - a blessed +4 small shield (being worn)
  b - a blessed +3 robe (being worn)
  X - a +0 splint mail (being worn)
 Comestibles  ('%')
  m - a cursed slime mold
  W - a clove of garlic
  U - 2 cram rations
  s - a food ration
  V - a cursed fortune cookie
  n - a pear
  t - a lizard corpse
 Scrolls  ('?')
  Q - a scroll of blank paper
  Y - a scroll of enchant armor
  u - a scroll of teleportation
  k - 2 cursed scrolls of teleportation
 Potions  ('!')
  j - a potion of extra healing
  D - a cursed potion of fruit juice
  J - 3 potions of healing
  F - a blessed potion of object detection
  r - a potion of object detection
  q - a diluted potion of see invisible
  d - a potion of holy water
  y - 2 potions of water
 Rings    ('=')
  M - a ring of conflict
  O - a ring of levitation
  B - a ring of poison resistance
  E - a ring of regeneration
  o - a ring of teleport control
 Wands    ('/')
  i - a wand of cancellation (0:2)
  N - a wand of digging (0:5)
  S - a wand of magic missile (0:1)
  f - a wand of nothing (0:5)
 Tools    ('(')
  I - a tooled horn
  P - a cursed blindfold
  g - an oil lamp
  L - a +0 pick-axe
  v - a skeleton key
  A - a tinning kit (0:71)
  w - a blessed +0 unicorn horn

DaveT the Priest's attributes:

Background:
 You were an Adept, a level 9 human Priest.
 You were lawful, on a mission for Anu
 who was opposed by Ishtar (neutral) and Anshar (chaotic).
 You were right-handed.
 You were in the Dungeons of Doom, on level 7.
 You entered the dungeon 11127 turns ago.
 You had 3244 experience points, 1876 more were needed to attain level 10.

Basics:
 You had 0 out of 93 hit points.
 You had all 103 energy points (spell power).
 Your armor class was -13.
 Your wallet contained 429 zorkmids.
 Autopickup was off.

Final Characteristics:
 Your strength was 14 (limit:18/100).
 Your dexterity was 11 (limit:18).
 Your constitution was 18 (limit:18).
 Your intelligence was 8 (peak:11, limit:18).
 Your wisdom was 17 (peak:18, limit:18).
 Your charisma was 10 (limit:18).

Final Status:
 You turned into stone.
 You weren't hungry.
 You were burdened; movement was slightly slowed.
 You were wielding a mace.
 You had basic skill with mace.

Final Attributes:
 You were piously aligned.
 You were poison resistant.
 You were telepathic.
 You had a small defense bonus (+2).
 You were guarded.
 Your spell casting was impaired by metallic armor, mitigated by your robe.
 You are dead.

Miscellaneous:
 You didn't encounter any bones levels.
 Total elapsed playing time was 57 minutes and 2 seconds.

Major events:
 Turn
    1: DaveT the lawful human Priest entered the dungeon
  344: entered the Gnomish Mines
  605: attained the rank of Acolyte (level 3)
 3197: attained the rank of Adept (level 6)
 4135: reached Mine Town
11127: petrified by a cockatrice

Spells:
 Name                 Level Category     Fail Retention
 light                  1   clerical      69%    (gone)
 detect food            2   divination    77%    (gone)
 healing                1   healing       52%    (gone)
 teleport away          6   escape       100%    (gone)

Skills:
 Fighting Skills
   bare handed combat [Unskilled]
 Weapon Skills
   club               [Unskilled]
   mace               [Basic]
   morning star       [Unskilled]
   flail              [Unskilled]
   hammer             [Unskilled]
   quarterstaff       [Unskilled]
   polearms           [Unskilled]
   spear              [Unskilled]
   trident            [Unskilled]
   lance              [Unskilled]
   bow                [Unskilled]
   sling              [Unskilled]
   crossbow           [Unskilled]
   dart               [Unskilled]
   shuriken           [Unskilled]
   boomerang          [Unskilled]
   unicorn horn       [Unskilled]
 Spellcasting Skills
   healing spells     [Unskilled]
   divination spells  [Unskilled]
   clerical spells    [Basic]

Voluntary challenges:
 Character rerolling was not enabled.
 You never genocided any monsters.
 You never polymorphed an object.
 You never changed form.
 You used no wishes.
Achievements:
 You entered the Gnomish Mines.
 You attained the rank of Acolyte.
 You entered a shop.
 You attained the rank of Adept.
 You entered Minetown.
 You entered a temple.

 The Dungeons of Doom: levels 1 to 8
    Level 1: "empty vault"
    Level 2:
       A general store, an altar to Anu.
       Stairs down to The Gnomish Mines.
    Level 3:
    Level 4:
       A fountain, many trees.
    Level 5:
       A vegetarian food shop, a fountain.
    Level 6:
       A fountain.
    Level 7: <- You were here.
       Final resting place for
          you, petrified by a cockatrice.
    Level 8:
 The Gnomish Mines: levels 3 to 6
    Level 3:
    Level 4:
    Level 5:
       Many shops, a temple and an altar, many fountains.
    Level 6:


Vanquished creatures:
  a giant mimic
  a small mimic
 an ettin zombie
  a giant beetle
  a quivering blob
  5 wolves
  a black light
  2 dwarf mummies
  2 owlbears
  a werewolf
  2 lizards
  a gray unicorn
  a dust vortex
  2 plains centaurs
  a snake
 an ape
  a rope golem
  a Woodland-elf
  a bugbear
  2 wood nymphs
  a mountain nymph
 17 Uruk-hai
 an orc shaman
  2 rock moles
  2 ponies
  2 yellow lights
  2 shriekers
  a violet fungus
  9 gnome leaders
  3 gnomish wizards
  a gray ooze
 14 giant ants
  a little dog
  5 floating eyes
  a kitten
  5 dwarves
  2 homunculi
 28 hill orcs
  3 rothes
  a rabid rat
  a centipede
  3 giant bats
  4 orc zombies
  2 dwarf zombies
  a wererat
  2 werejackals
  3 iguanas
  4 killer bees
  3 acid blobs
  5 coyotes
  2 gas spores
  4 manes
  a large kobold
  a hobgoblin
  8 giant rats
  4 cave spiders
  2 brown molds
  a yellow mold
  2 green molds
  a red mold
 31 gnomes
  3 gnome zombies
  2 geckos
 13 jackals
  2 foxes
  a kobold
  4 goblins
  2 sewer rats
  9 grid bugs
  3 bats
  8 lichens
  2 kobold zombies
 10 newts
274 creatures vanquished.

No species were genocided or became extinct.

Game over:
                       ----------
                      /          \
                     /    REST    \
                    /      IN      \
                   /     PEACE      \
                  /                  \
                  |      DaveT       |
                  |      429 Au      |
                  |  petrified by a  |
                  |    cockatrice    |
                  |                  |
                  |                  |
                  |       2026       |
                 *|     *  *  *      | *
        _________)/\\_//(\/(/\)/\//\/|_)_______

Goodbye DaveT the Priest...

You turned to stone in The Dungeons of Doom on dungeon level 7 with 13823 points,
and 429 pieces of gold, after 11127 moves.
You were level 9 with a maximum of 93 hit points when you turned to stone.

